 Dungeon Crawl Stone Soup version 0.21.1-1-g345015f (webtiles) character file.

84 Fang the Skirmisher (level 4, 0/29 HPs)
             Began as a Gargoyle Berserker on May 3, 2018.
             Was a Believer of Trog.
             Slain by an orc wizard
             ... wielding a +0 dagger
              (2 damage)
             ... on level 3 of the Dungeon.
             The game lasted 00:01:50 (835 turns).

Fang the Skirmisher (Gargoyle Berserker)             Turns: 835, Time: 00:01:50

Health: 0/29       AC:  5    Str: 22    XL:     4   Next: 45%
Magic:  4/4        EV: 12    Int:  7    God:    Trog [**....]
Gold:   59         SH:  0    Dex:  9    Spells: 3/3 levels left

rFire    . . .     SeeInvis .   a - +0 hand axe
rCold    . . .     Gourm    .   (no shield)
rNeg     + . .     Faith    .   b - +0 animal skin
rPois    ∞         Spirit   .   (no helmet)
rElec    +         Reflect  .   (no cloak)
rCorr    .         Harm     .   (no gloves)
MR       .....                  (no boots)
Stlth    +.........             (no amulet)
HPRegen  0.09/turn              (no ring)
MPRegen  0.09/turn              (no ring)

@: confused
A: negative energy resistance 1, electricity resistance, unbreathing,
petrification resistance, rot immunity, AC +3
a: Berserk, Trog's Hand, Burn Spellbooks, Renounce Religion


You were on level 3 of the Dungeon.
You worshipped Trog.
Trog was pleased with you.
You were not hungry.

You visited 1 branch of the dungeon, and saw 3 of its levels.

You collected 59 gold pieces.

Inventory:

Hand Weapons
 a - a +0 hand axe (weapon)
Armour
 b - a +0 animal skin (worn)
Scrolls
 d - a scroll of amnesia {unknown}
 e - a scroll of teleportation {unknown}
 g - a scroll of identify {unknown}
Comestibles
 c - a ration
 f - 8 chunks of flesh


   Skills:
 + Level 4.1 Fighting
 + Level 3.7 Axes
 + Level 2.3 Armour
 + Level 2.0 Dodging


You had 3 spell levels left.
You didn't know any spells.

Dungeon Overview and Level Annotations

Branches:
Dungeon (2/15)

Altars:


Innate Abilities, Weirdness & Mutations

You are resistant to torment.
Your stone body is resilient. (AC +3)
You are immune to poison.
You resist negative energy. (rN+)
You are resistant to electric shocks. (rElec)
You can survive without breathing.
You are immune to petrification.
You are immune to rotting.


Message History

You hear some strange, mumbled words.
A magic dart appears from out of thin air!
The magic dart hits you!
* * * LOW HITPOINT WARNING * * *
The orc wizard barely misses you.
You bump into the rock wall.
Something hits you.
* * * LOW HITPOINT WARNING * * *
The orc wizard hits you but does no damage.
You bump into the rock wall.
Something hits you but does no damage.
The orc wizard hits you but does no damage.
You're too confused to move!
Something hits you but does no damage. The orc wizard barely misses you.
You're too confused!
You're too confused!
You aren't carrying any potions.
You're too confused!
You barely miss something. You miss the orc wizard. Something hits you.
* * * LOW HITPOINT WARNING * * *
The orc wizard barely misses you. Something hits you.
You die...

......##.#.. ###
.....(...... ..
#######.......
#.##........÷....
#.?#.............
#.#.............
#...............
####..............
#@o...............
#{##........##....
#o##..#####.######
#s###.# #.# #.#
#.. #.# #.. ....
#.# #.. ..... #.#
#.........#.#
.......#.#


You could see an orc wizard, an orc and a giant cockroach.

Vanquished Creatures
  A worker ant (D:3)
  2 adders (D:3)
  An ooze (D:1)
  A worm (D:3)
  2 dart slugs (D:1)
  2 leopard geckos (D:1)
  An orc (D:3)
  A giant cockroach (D:2)
  3 goblins (D:1)
  2 hobgoblins (D:1)
  3 kobolds
  5 bats
  3 frilled lizards (D:1)
  A rat (D:1)
28 creatures vanquished.

Notes
Turn   | Place    | Note
-------+----------+-------------------------------------------
     0 | D:1      | Fang the Gargoyle Berserker began the quest for the Orb.
     0 | D:1      | Reached XP level 1. HP: 14/14 MP: 1/1
   118 | D:1      | Reached XP level 2. HP: 16/19 MP: 2/2
   494 | D:1      | Reached XP level 3. HP: 21/24 MP: 3/3
   666 | D:2      | You fall through a shaft!
   675 | D:3      | Reached ** piety under Trog
   685 | D:3      | Reached skill level 4 in Fighting
   685 | D:3      | Reached XP level 4. HP: 17/29 MP: 4/4
   835 | D:3      | Slain by an orc wizard

Skill      XL: |  1  2  3 |
---------------+----------+-----
Axes           | 3 |  3.7
Fighting       | 4 |  4.1
Dodging        | 2 |  2.0
Armour         | |  2.3

Action                   |  1- 3 |  4- 6 || total
-------------------------+-------+-------++-------
Melee: Hand axe          |    80 |     6 ||    86
Invok: Berserk           |     1 |       ||     1
  Eat: Chunk             |       |     1 ||     1
Armor: Animal skin       |    52 |    10 ||    62
Dodge: Dodged            |    82 |     7 ||    89
